 Dungeon Crawl Stone Soup version 0.17.3-4-g93a25c67f4 (webtiles) character file.

122 Hopiakuusi the Covert (level 4, -3/34 HPs)
             Began as a Spriggan Assassin on July 26, 2022.
             Was an Initiate of Gozag.
             Killed by divine providence
             ... invoked by an orc priest
              (17 damage)
             ... on level 3 of the Dungeon.
             The game lasted 00:19:06 (3343 turns).

Hopiakuusi the Covert (Spriggan Assassin)           Turns: 3343, Time: 00:19:06

Health: -3/34      AC: 22    Str:  7    XL:     4   Next: 78%
Magic:  5/5        EV:  4    Int: 12    God:    Gozag
Gold:   180        SH:  0    Dex: 18    Spells: 0 memorised, 3 levels left

rFire  . . .     SeeInvis +     r - +3 short sword
rCold  . . .     Clarity  .     (armour currently unavailable)
rNeg   + + +     SustAt   +     (shield restricted)
rPois  +         Gourm    .     (helmet currently unavailable)
rElec  .         Spirit   .     (cloak currently unavailable)
rCorr  .         Warding  .     (gloves unavailable)
rMut   .         NoTele   +     (boots unavailable)
MR     .....                    (no amulet)
Stlth  ++++++....               (no ring)
                                o - ring of sustain attributes

@: tree-form, not resistant to hostile enchantments, very stealthy
A: unfitting armour, see invisible, herbivore 3, (speed 0), slow metabolism 2
a: Potion Petition, Call Merchant, Bribe Branch, Renounce Religion


You were on level 3 of the Dungeon.
You worshipped Gozag.
Gozag was noncommittal.
You were not hungry.
You were a tree.
You visited 1 branch of the dungeon, and saw 3 of its levels.

You collected 206 gold pieces.
You paid 26 gold pieces to Gozag.

Inventory:

Hand Weapons
 a - a +2 dagger
 b - a +0 blowgun
 j - a +0 hunting sling
 r - a +3 short sword (weapon)
Missiles
 e - 20 poisoned needles (quivered)
 f - 2 curare-tipped needles
Armour
 c - a +0 robe (melded)
 d - a +0 cloak (melded)
Jewellery
 o - a ring of sustain attributes (left branch)
Scrolls
 l - 2 scrolls of remove curse {unknown}
 q - a scroll of magic mapping {unknown}
 s - a scroll of identify {unknown}
Potions
 h - a potion of might
 i - a potion of curing
Comestibles
 g - 3 bread rations


   Skills:
 + Level 1.9 Fighting
 * Level 2.9 Short Blades
 + Level 2.0 Throwing
 + Level 3.0 Dodging
 * Level 8.2 Stealth


You had 3 spell levels left.
You didn't know any spells.

Dungeon Overview and Level Annotations

Branches:
Dungeon (3/15)

Altars:
Gozag
Nemelex Xobeh
Zin


Innate Abilities, Weirdness & Mutations

You are tiny and cannot use many weapons and most armour.
You have supernaturally acute eyesight.
You are a herbivore.
((You cover ground extremely quickly.))
You need consume almost no food.


Message History

The orc priest invokes the aid of Beogh against you.
Pain shoots through your body!
You closely miss the orc priest.
The orc priest is severely wounded.
Drink which item? (? for menu, Esc to quit)
It was a potion of lignification.
You turn into a tree.
Your +0 cloak melds into your body.
Your +0 robe melds into your body.
Your roots penetrate the ground.
You hit the orc.
The orc is heavily wounded.
The orc barely misses you. The orc hits you but does no damage.
The orc priest miscasts a cantrip.
The orc closely misses you. The orc hits you but does no damage.
The orc priest calls down the wrath of Beogh upon you.
Something smites you!
Ouch! That really hurt!
You die...
Your body crumbles into a pile of gold.

.[.....)....)..'.........$goo.'..
.#(#.###)......#######.####o.....
.#.#<# #.......## #.# ####.
....####........# #.#
....'.##........# #+#
....#+##........##
........#######..# ........# ##.#
........# #♣# ........########o##
........#......#oo#
........#......##o##
........#..........#
#######.+..........# #
#.....$.....# # #...........# #
#...........#


You could see an orc priest and 3 orcs.

Vanquished Creatures
  7 adders
  5 orcs (D:3)
  6 bats
  2 giant cockroaches
  5 goblins
  7 hobgoblins
  8 jackals
  5 kobolds
  2 quokkas (D:2)
  3 giant newts
  5 rats (D:1)
55 creatures vanquished.

Notes
Turn   | Place    | Note
--------------------------------------------------------------
     0 | D:1      | Hopiakuusi the Spriggan Assassin began the quest for the Orb.
     0 | D:1      | Reached XP level 1. HP: 10/10 MP: 2/2
    40 | D:1      | Reached skill level 6 in Stealth
   185 | D:1      | Reached XP level 2. HP: 12/15 MP: 3/3
  1288 | D:1      | Reached skill level 7 in Stealth
  1364 | D:2      | Reached XP level 3. HP: 18/18 MP: 4/4
  1784 | D:2      | Reached XP level 4. HP: 14/23 MP: 5/5
  2039 | D:2      | Found a glowing silver altar of Zin.
  2040 | D:2      | Found an opulent altar of Gozag.
  2063 | D:2      | Became a worshipper of Gozag Ym Sagoz the Greedy
  2480 | D:3      | HP: 1/23 [poisoned by an adder]
  2854 | D:3      | Found a sparkling altar of Nemelex Xobeh.
  3031 | D:3      | Reached skill level 8 in Stealth
  3343 | D:3      | Killed from afar by an orc priest

Action                   |  1- 3 |  4- 6 || total
-------------------------+-------+-------++-------
Melee: Dagger            |   117 |    13 ||   130
       Short sword       |       |    80 ||    80
  Use: Potion            |     4 |     3 ||     7
       Scroll            |       |     3 ||     3
 Stab: Sleeping          |    16 |     3 ||    19
       Distracted        |     4 |     2 ||     6
